 Dungeon Crawl Stone Soup version 0.29.1-1-gd02db6906a (webtiles) character file.

Game seed: 10232769698088906415

12691 AlexRAT the Cleaver (level 11, -5/104 HPs)
             Began as a Minotaur Berserker on Oct 12, 2022.
             Was an Elder of Trog.
             Slain by a cyclops (28 damage)
             ... on level 12 of the Dungeon.
             The game lasted 00:24:38 (12581 turns).

AlexRAT the Cleaver (Minotaur Berserker)           Turns: 12581, Time: 00:24:39

Health: -5/104     AC: 14    Str: 26    XL:     11   Next: 65%
Magic:  0/10       EV: 15    Int: 11    God:    Trog [****..]
Gold:   876        SH:  0    Dex: 10    Spells: 10/10 levels left

rFire   . . .      SeeInvis .   a - +7 glaive "Efaeverot" {holy, *Rage Int+5}
rCold   + . .      Faith    .   (shield currently unavailable)
rNeg    . . .      Spirit   +   o - +2 leather armour "Soh Yseu" {rPois Int+2 Stlth+}
rPois   +          Reflect  .   h - +1 hat
rElec   .          Harm     .   f - +0 cloak
rCorr   .          Rampage  .   p - +0 pair of gloves
Will    ++...      Rage     20% (no boots)
Stlth   ++........              J - amulet of guardian spirit
HPRegen 1.27/turn               w - ring of protection from cold
MPRegen 0.12/turn               j - +4 ring of protection

@: lethally poisoned (-5 -> -5), strong-willed, spiked, on berserk cooldown,
regenerating, slowed, studying Maces & Flails, very slow
A: horns 2, retaliatory headbutt
a: Renounce Religion, Berserk, Trog's Hand, Brothers in Arms


You were on level 12 of the Dungeon.
You worshipped Trog.
Trog was greatly pleased with you.
You visited 1 branch of the dungeon, and saw 12 of its levels.
You also visited: Bailey.

You collected 876 gold pieces.

Inventory:

Hand Weapons
 a - the +7 glaive "Efaeverot" (weapon) {holy, *Rage Int+5}
   (You found it on level 11 of the Dungeon)

   It has been blessed by the Shining One to cause great damage to the undead
   and demons.
   Int:       It affects your intelligence (+5).
   *Rage:     It berserks you when you make melee attacks (+20% chance).
 b - a +1 shortbow of freezing
 t - a +1 hand axe of electrocution
Missiles
 G - 4 throwing nets (quivered)
Armour
 f - a +0 cloak (worn)
 h - a +1 hat (worn)
 k - a +2 leather armour of cold resistance
 o - the +2 leather armour "Soh Yseu" (worn) {rPois Int+2 Stlth+}
   (You found it in a bailey)

   Int:       It affects your intelligence (+2).
   rPois:     It protects you from poison.
   Stlth:     It makes you more stealthy.
 p - a +0 pair of gloves (worn)
Jewellery
 j - a +4 ring of protection (right hand)
 n - a +6 ring of dexterity
 w - a ring of protection from cold (left hand)
 D - a ring of fire
 E - a ring of positive energy
 J - an amulet of guardian spirit (around neck)
Wands
 q - a wand of digging (5)
 I - a wand of mindburst (6)
Scrolls
 c - 4 scrolls of amnesia
 e - 2 scrolls of butterflies
 g - 2 scrolls of enchant armour
 l - 3 scrolls of enchant weapon
 u - 2 scrolls of immolation
 v - a scroll of silence
 x - a scroll of fear
 y - a scroll of teleportation
 C - a scroll of poison
 F - a scroll of torment {unknown}
Potions
 d - 4 potions of attraction
 i - 4 potions of heal wounds
 m - 4 potions of curing
 r - 2 potions of might
 s - 7 potions of mutation
 z - 3 potions of lignification
 A - 2 potions of flight {unknown}
 B - 3 potions of haste {unknown}
 K - a potion of brilliance {unknown}
 N - a potion of ambrosia {unknown}
Miscellaneous
 H - a condenser vane
 M - a condenser vane
 O - a box of beasts


   Skills:
 + Level 11.8 Fighting
 + Level 11.9 Axes
 + Level 11.5 Armour
 + Level 10.6 Dodging


You had 10 spell levels left.
You didn't know any spells.
Your spell library was empty.

Dungeon Overview and Level Annotations

Branches:
Dungeon (12/15)            Temple (0/1) D:7            Lair (0/5) D:11
    Orc (0/2) D:10         Bailey (visited)

Altars:
Dithmenos
Elyvilon
Gozag
Hepliaklqana
Makhleb
Okawaru
Trog
Wu Jian
Xom
The Shining One

Annotations:
D:12 Nessos


Innate Abilities, Weirdness & Mutations

You have a pair of horns on your head.
You reflexively headbutt those who attack you in melee.


Message History

The cyclops hits you!
* * * LOW HITPOINT WARNING * * *
The manticore barely misses your butterfly.
The manticore closely misses your butterfly.
The manticore barely misses your butterfly.
You feel much better.
You feel sick.
Nessos casts a spell.
Nessos blinks!
The cyclops completely misses you.
The manticore flicks its tail.
The volley of spikes hits you!
The barbed spikes become lodged in your body.
The manticore flicks its tail.
The volley of spikes misses you.
The volley of spikes hits your butterfly!
Your butterfly dies!
Your butterfly disappears in a burst of colours!
The cyclops hits you but does no damage.
You feel much better.
You feel sick.
The manticore flicks its tail.
The volley of spikes hits you but does no damage.
Nessos closely misses your butterfly. Nessos kicks your butterfly.
Your butterfly dies!
Your butterfly disappears in a burst of colours!
The manticore bites you!
The manticore claws you but does no damage.
The manticore misses you. The cyclops misses you. You furiously retaliate!
You headbutt the cyclops.
Your skin crawls.
You feel strong-willed.
You feel sick.
Nessos pounds the earth with their hooves.
Nessos casts a spell.
Nessos blinks!
The manticore bites you! The manticore misses you.
The manticore claws you but does no damage.
The manticore bites you!
* * * LOW HITPOINT WARNING * * *
The manticore claws you.
* * * LOW HITPOINT WARNING * * *
The manticore barely misses you. The cyclops hits you!!
You die...

.#....... ...
c........ ..
....b.... ..
#......##.# .
.##........## ...#
.........#..##....#
.b....bHH.b<...).#
......C@.....##.##
......§b...#..?..#
...b.......#....####
.........b†#........
......)..........#
../.............##
...............##
................#
.#......<.....##


You could see Nessos (fast), 2 manticores and a cyclops (ally target).

Vanquished Creatures
  A boulder beetle (D:11)
  2 two-headed ogres (D:10)
  Sonja (D:10)
  A cyclops (D:11)
  Joseph (D:8)
  A gargoyle (D:11)
  2 trolls
  A hornet (D:11)
  3 wyverns (D:11)
  16 yaks
  A wraith (D:11)
  A basilisk (D:11)
  3 vampire mosquitoes (D:12)
  2 steam dragons (D:8)
  Grum (Bailey)
  4 water moccasins
  4 sky beasts
  3 black bears
  3 orc warriors (D:8)
  An ice beast (D:7)
  4 wolves (Bailey)
  2 centaurs
  A phantom (D:2)
  5 kobold brigands
  4 bullfrogs
  10 gnoll sergeants
  2 necrophages
  2 scorpions (D:8)
  3 killer bees (D:7)
  7 howler monkeys
  2 orc priests (D:7)
  3 jellies
  7 gnoll boudas (Bailey)
  3 hounds
  3 iguanas
  5 orc wizards
  31 gnolls
  4 adders
  2 shadow imps (D:7)
  A white imp (D:8)
  An ufetubus (D:5)
  A worm (D:3)
  5 dart slugs
  19 orcs
  6 ball pythons
  6 bats
  2 endoplasms
  2 giant cockroaches (D:4)
  7 goblins
  5 hobgoblins
  6 jackals (D:1)
  4 quokkas
  5 frilled lizards
  41 kobolds
  4 rats
267 creatures vanquished.

Vanquished Creatures (others)
  A fungus (D:11)
  18 plants
19 creatures vanquished.

Grand Total: 286 creatures vanquished

Notes
Turn   | Place    | Note
-------+----------+-------------------------------------------
     0 | D:1      | AlexRAT the Minotaur Berserker began the quest for the Orb.
     0 | D:1      | Reached XP level 1. HP: 19/19 MP: 0/0
   304 | D:1      | Reached XP level 2. HP: 27/27 MP: 1/1
   661 | D:1      | Reached XP level 3. HP: 25/33 MP: 2/2
   758 | D:1      | Found a faded altar of an unknown god.
   821 | D:1      | Reached ** piety under Trog
  1267 | D:2      | Noticed a phantom
  1274 | D:2      | Killed a phantom
  1275 | D:2      | Reached XP level 4. HP: 41/41 MP: 3/3
  1318 | D:2      | Reached XP level 5. HP: 32/47 MP: 4/4
  1444 | D:2      | Found an opulent altar of Gozag.
  2890 | D:4      | Noticed a black bear
  2898 | D:4      | Killed a black bear
  2899 | D:4      | Reached skill level 5 in Fighting
  2899 | D:4      | Reached skill level 5 in Axes
  2899 | D:4      | Reached XP level 6. HP: 43/56 MP: 5/5
  3724 | D:5      | Entered Level 5 of the Dungeon
  3919 | D:5      | Reached skill level 5 in Armour
  3919 | D:5      | Reached XP level 7. HP: 22/62 MP: 6/6
  4955 | D:5      | Reached *** piety under Trog
  5253 | D:6      | Found a glowing golden altar of the Shining One.
  5263 | D:6      | Reached skill level 5 in Dodging
  5577 | D:6      | Reached XP level 8. HP: 61/71 MP: 7/7
  5751 | D:6      | Found a burning altar of Makhleb.
  5751 | D:6      | Found an iron altar of Okawaru.
  5759 | D:6      | Found a shadowy altar of Dithmenos.
  5761 | D:6      | Found a faded altar of an unknown god.
  5763 | D:6      | Found an ornate altar of the Wu Jian Council.
  6101 | D:7      | Found a white marble altar of Elyvilon.
  6853 | D:7      | Found a staircase to the Ecumenical Temple.
  7093 | D:8      | Found a hazy altar of Hepliaklqana.
  7274 | D:8      | Reached XP level 9. HP: 43/81 MP: 8/8
  7469 | D:8      | Reached **** piety under Trog
  7868 | D:8      | Noticed Joseph
  7881 | D:8      | Killed Joseph
  7925 | D:8      | Found a bloodstained altar of Trog.
  9582 | D:10     | Entered Level 10 of the Dungeon
  9661 | D:10     | Found a flagged portal.
  9674 | Bailey   | Entered a bailey
  9684 | Bailey   | Reached XP level 10. HP: 83/91 MP: 9/9
 10060 | Bailey   | Identified the +2 leather armour "Soh Yseu" {rPois Int+2
                  | Stlth+}
 10141 | Bailey   | Noticed Grum
 10155 | Bailey   | Killed Grum
 10415 | D:10     | Reached skill level 10 in Axes
 10417 | D:10     | Reached skill level 10 in Fighting
 10429 | D:10     | Reached skill level 10 in Armour
 10429 | D:10     | Noticed a two-headed ogre
 10439 | D:10     | Killed a two-headed ogre
 10863 | D:10     | Noticed Sonja
 10872 | D:10     | Killed Sonja
 10873 | D:10     | Reached XP level 11. HP: 27/101 MP: 3/10
 11316 | D:10     | Identified the +4 short sword of Uhehy {pain, rPois rC-
                  | Str+5 Dex+3}
 11386 | D:10     | Noticed a two-headed ogre
 11399 | D:10     | Killed a two-headed ogre
 11562 | D:10     | Found a staircase to the Orcish Mines.
 11848 | D:11     | Found a shimmering altar of Xom.
 11902 | D:11     | Identified the +7 glaive "Efaeverot" {holy, *Rage Int+5}
 11945 | D:11     | Reached skill level 10 in Dodging
 12229 | D:11     | Found a staircase to the Lair.
 12427 | D:11     | Noticed a boulder beetle
 12439 | D:11     | Killed a boulder beetle
 12575 | D:12     | Noticed Nessos
 12581 | D:12     | Slain by a cyclops

Illustrated notes

Levels and vault maps discovered:
D:1:      minmay_arrival_hallway, layout_rooms,
          shapermc_ecumenical_altar_flowoftime, skrybe_limestone_x
D:2:      layout_loops_ring, basic_altar
D:3:      layout_basic
D:4:      layout_basic, st_stairs_6, serial_bayou_pond_d, nrook_mini_vaults
D:5:      kennysheep_kobold_camp, layout_layer_cave, amcnicky_mini_pool_small
D:6:      layout_basic, kennysheep_mini_moat,
          chequers_temple_overflow_minitemple
D:7:      layout_gridville, elyvilon_altar_1, minmay_temple_entry_mist,
          minivault_1
D:8:      minmay_skewed_foursquare, layout_loops_ring,
          worldfamousw_hep_ancestral_shrine, trog_butcher_becter,
          corexii_checkpoint_a, uniq_joseph
D:9:      layout_rooms, amethyst_killhole
D:10:     layout_loops_ring, orc_0_dummy, enter_bailey_7, uniq_sonja
D:11:     layout_roguey, minmay_lair_entry_grove, xom_teletrap_fun
D:12:     layout_cave_pools, uniq_nessos

Skill      XL: |  1  2  3  4  5  6  7  8  9 10 11 |
---------------+----------------------------------+-----
Fighting       | 4 5 6 7 9 10 11 | 11.8
Axes           | 4 5 6 8 9 10 11 | 11.9
Armour         | 3 4 5 6 7 9 10 11 | 11.5
Dodging        | 3 4 5 6 8 9 10 | 10.6

Action                   |  1- 3 |  4- 6 |  7- 9 | 10-12 || total
-------------------------+-------+-------+-------+-------++-------
Melee: Hand axe          |    62 |   113 |   257 |   136 ||   568
       Headbutt          |     5 |    11 |    40 |    52 ||   108
       Punch             |     1 |       |     3 |     2 ||     6
       Glaive            |       |       |       |    68 ||    68
 Fire: Shortbow          |       |       |       |    16 ||    16
Throw: Throwing net      |       |       |       |     3 ||     3
Invok: Berserk           |     2 |     1 |     5 |     6 ||    14
       Trog's Hand       |       |       |     3 |     2 ||     5
  Use: Scroll            |       |       |    13 |     6 ||    19
       Potion            |       |       |       |     3 ||     3
 Stab: Held in net/web   |       |       |       |     2 ||     2
Armor: Animal skin       |    26 |     7 |       |       ||    33
       Scale mail        |       |    31 |    95 |       ||   126
       Leather armour    |       |       |    26 |    84 ||   110
Dodge: Dodged            |    52 |    71 |   145 |   177 ||   445
